 Dungeon Crawl Stone Soup version 0.18.1-50-g88ac8fd (webtiles) character file.

2929 Lovchig the Blocker (level 9, -4/121 HPs)
             Began as a Deep Dwarf Fighter on Sept 14, 2016.
             Was an Initiate of the Shining One.
             Slain by a komodo dragon (10 damage)
             ... on level 8 of the Dungeon.
             The game lasted 00:19:02 (4986 turns).

Lovchig the Blocker (Deep Dwarf Fighter)            Turns: 4986, Time: 00:19:03

Health: -4/121     AC: 17    Str: 29    XL:     9   Next: 50%
Magic:  2/6        EV:  8    Int:  8    God:    the Shining One [......]
Gold:   385        SH: 15    Dex: 11    Spells: 0 memorised, 8 levels left

rFire  + . .     SeeInvis +     a - +1 war axe
rCold  . . .     Gourm    .     B - +0 plate armour
rNeg   . . .     Faith    .     c - +1 shield
rPois  .         Spirit   .     (helmet restricted)
rElec  .         Dismiss  .     q - +2 cloak
rCorr  .         Reflect  .     (no gloves)
SustAt .         Harm     .     (no boots)
MR     +....                    (no amulet)
Stlth  ..........               s - ring of see invisible
                                w - ring of protection from fire

@: berserking (expiring), lethally poisoned (-4 -> -23), non-regenerating,
glowing, very quick, somewhat resistant to hostile enchantments, extremely
unstealthy
A: damage resistance, recharge devices, antennae 1, beak, large bone plates 1,
rough black scales 1, blurry vision 1, deformed body, sense surroundings 2, slow
regeneration 3, MP-powered wands
a: Device Recharging, Renounce Religion


You were on level 8 of the Dungeon.
You worshipped the Shining One.
The Shining One was noncommittal.
You were hungry.

You visited 2 branches of the dungeon, and saw 9 of its levels.

You collected 385 gold pieces.

Inventory:

Hand Weapons
 a - a +1 war axe (weapon)
Armour
 c - a +1 shield (worn)
 q - a +2 cloak (worn)
 B - a +0 plate armour (worn)
Jewellery
 s - a ring of see invisible (right hand)
 w - a ring of protection from fire (left hand)
Wands
 e - a wand of heal wounds (1/9)
 o - a wand of digging (14/24)
 p - a wand of disintegration (19/24)
 r - a wand of confusion (13/48)
 v - a wand of heal wounds (9/9)
 y - a wand of iceblast (6/15)
Scrolls
 i - 2 scrolls of remove curse
Potions
 b - a potion of lignification
 g - a potion of haste {unknown}
 k - 2 potions of brilliance
 l - 3 potions of curing
 m - a potion of flight
 u - 2 potions of cancellation
 x - a potion of resistance
Comestibles
 d - a slice of pizza
 f - 5 bread rations
 h - 4 meat rations
 j - 5 fruits
 n - 5 chunks of flesh


   Skills:
 * Level 5.4 Fighting
 * Level 7.6 Axes
 * Level 7.0 Armour
 * Level 4.8 Dodging
 + Level 0.6 Stealth
 * Level 8.3 Shields
 + Level 1.3 Evocations


You had 8 spell levels left.
You didn't know any spells.

Dungeon Overview and Level Annotations

Branches:
Dungeon (8/15)             Temple (1/1) D:6            Lair (0/8) D:8

Altars:
Ashenzari
Cheibriados
Dithmenos
Elyvilon
Fedhas
Gozag
Kikubaaqudgha
Makhleb
Nemelex Xobeh
Okawaru
Pakellas
Qazlal
Ru
Sif Muna
Trog
Vehumet
Xom
Yredelemnul
Zin
The Shining One

Shops:
D:7 (


Innate Abilities, Weirdness & Mutations

You are resistant to damage.
You can recharge devices by infusing magical energy.
You passively map the area around you.
You do not regenerate naturally.
You have a pair of small antennae on your head.
You have a beak for a mouth.
You are partially covered in large bone plates (AC +2, SH +2).
You are partially covered in rough black scales (AC +4, Dex -1).
Scrolls take you a little longer to read.
Armour fits poorly on your strangely shaped body.
You expend magic power (3 MP) to strengthen your wands.


Message History

Thomus's ghost is almost destroyed.
You slash the komodo dragon!
The komodo dragon is heavily wounded.
* * * LOW HITPOINT WARNING * * *
You feel very sick. You block the komodo dragon's attack.
You block Thomus's ghost's attack.
You slash Thomus's ghost!
You destroy Thomus's ghost!
The Shining One accepts your kill.
Your Axes skill increases to level 7!
Your Armour skill increases to level 7!
Your shield and plate armour prevent you from hitting the komodo dragon.
The komodo dragon is heavily wounded.
* * * LOW HITPOINT WARNING * * *
You feel very sick.
The battlesphere dissipates.
You block the komodo dragon's attack.
You hit the komodo dragon but do no damage.
The komodo dragon is heavily wounded.
* * * LOW HITPOINT WARNING * * *
You feel sick. The komodo dragon bites you!
You die...

###.# #..# ##..# ,, ,
#...######.#####..######.#
#...##...........<=......# *
##..!#............######....
#..................# ,.,
#.###.....ยง........#
##.###..............# , ,
##...###.............# ,
##P....##......@......# , ,
#PPP....#.....l......##
#PPPP...#...........## ,
#PPPPP....########### * *
#PPPPP....# #PPlPP....#
#P..FPP..## #P.>.PP..#
#P..PPP.##


You could see a komodo dragon.

Vanquished Creatures
  The ghost of Thomus the Thaumaturge, a novice DECj of Vehumet (D:8)
  Eustachio (D:5)
  Edmund (D:5)
  Menkaure (D:5)
  A sky beast (D:5)
  2 orc warriors (D:8)
  An ogre (D:4)
  A phantom (D:7)
  2 centaurs
  Blork the orc (D:5)
  7 giant frogs
  A crimson imp (D:8)
  A quasit (D:6)
  Crazy Yiuf (D:3)
  2 hounds
  2 iguanas
  Natasha (thrice) (D:3)
  Terence (D:3)
  7 orc wizards
  6 worker ants
  A hound zombie (D:5)
  8 gnolls
  11 adders
  A howler monkey skeleton (D:5)
  A shadow imp (D:5)
  An ooze (D:1)
  2 worms
  3 dart slugs
  A giant gecko (D:3)
  27 orcs
  3 ball pythons
  5 bats
  4 giant cockroaches
  5 goblins
  7 hobgoblins
  3 jackals (D:3)
  12 kobolds
  3 quokkas
  3 giant newts
  A quokka skeleton (D:5)
  6 rats
151 creatures vanquished.

Vanquished Creatures (others)
  3 plants (D:8)
3 creatures vanquished.

Grand Total: 154 creatures vanquished

Notes
Turn   | Place    | Note
--------------------------------------------------------------
     0 | D:1      | Lovchig the Deep Dwarf Fighter began the quest for the Orb.
     0 | D:1      | Reached XP level 1. HP: 20/20 MP: 1/1
    69 | D:1      | Reached XP level 2. HP: 27/27 MP: 2/2
   206 | D:1      | Reached skill level 1 in Dodging
   242 | D:1      | Reached XP level 3. HP: 28/33 MP: 3/3
   877 | D:2      | Reached skill level 4 in Shields
   877 | D:2      | Reached XP level 4. HP: 23/42 MP: 4/4
   885 | D:2      | Found an ancient bone altar of Kikubaaqudgha.
   886 | D:2      | Found a white marble altar of Elyvilon.
   899 | D:2      | Found a snail-covered altar of Cheibriados.
   899 | D:2      | Found a shadowy altar of Dithmenos.
   899 | D:2      | Found a stormy altar of Qazlal.
   901 | D:2      | Found a blossoming altar of Fedhas.
   902 | D:2      | Found a sacrificial altar of Ru.
  1309 | D:3      | Noticed Natasha
  1315 | D:3      | Killed Natasha
  1517 | D:3      | Reached XP level 5. HP: 35/49 MP: 5/5
  1549 | D:3      | Noticed Natasha
  1569 | D:3      | Killed Natasha
  1677 | D:3      | Noticed Terence
  1685 | D:3      | Killed Terence
  1714 | D:3      | Found a glowing silver altar of Zin.
  1909 | D:3      | Noticed Crazy Yiuf
  1921 | D:3      | Killed Crazy Yiuf
  2035 | D:3      | Noticed Natasha
  2052 | D:3      | Killed Natasha
  2052 | D:3      | Reached XP level 6. HP: 16/56 MP: 6/6
  2595 | D:4      | Reached skill level 5 in Armour
  2595 | D:4      | Reached skill level 5 in Shields
  3007 | D:5      | Entered Level 5 of the Dungeon
  3015 | D:5      | Reached XP level 7. HP: 36/63 MP: 4/4
  3103 | D:5      | Reached skill level 5 in Axes
  3108 | D:5      | Gained mutation: You expend magic power (3 MP) to strengthen your wands. [mutagenic meat]
  3109 | D:5      | Gained mutation: Armour fits poorly on your strangely shaped body. [mutagenic meat]
  3110 | D:5      | Gained mutation: Your muscles are strong. (Str +2) [mutagenic meat]
  3111 | D:5      | Lost mutation: Your muscles are strong. (Str +2) [mutagenic meat]
  3112 | D:5      | Gained mutation: Scrolls take you a little longer to read. [mutagenic meat]
  3113 | D:5      | Gained mutation: You are partially covered in rough black scales (AC +4, Dex -1). [mutagenic meat]
  3169 | D:5      | Noticed Menkaure
  3169 | D:5      | Noticed Blork the orc
  3173 | D:5      | Noticed Edmund
  3187 | D:5      | Killed Menkaure
  3187 | D:5      | Reached skill level 1 in Evocations
  3190 | D:5      | Killed Blork the orc
  3233 | D:5      | Killed Edmund
  3233 | D:5      | Reached skill level 6 in Shields
  3233 | D:5      | Reached XP level 8. HP: 52/73 MP: 1/5
  3493 | D:5      | Noticed Eustachio
  3508 | D:5      | Killed Eustachio
  3591 | D:6      | Found a staircase to the Ecumenical Temple.
  3647 | Temple   | Entered the Ecumenical Temple
  3709 | Temple   | Became a worshipper of the Shining One
  3840 | D:6      | Gained mutation: You have a pair of small antennae on your head. [potion of beneficial mutation]
  4029 | D:6      | Gained mutation: You have a beak for a mouth. [potion of mutation]
  4029 | D:6      | Gained mutation: You are partially covered in large bone plates (AC +2, SH +2). [potion of mutation]
  4046 | D:6      | Reached skill level 7 in Shields
  4472 | D:7      | Got a bloodstained chain mail
  4483 | D:7      | Identified the +3 chain mail "Lyje" {rN+ Str+2} (You found it on level 7 of the Dungeon)
  4563 | D:7      | Found Ucvan's Antique Weapon Boutique.
  4763 | D:7      | Gained mutation: You passively map the area around you. [Deep Dwarf growth]
  4763 | D:7      | Reached XP level 9. HP: 43/80 MP: 5/5
  4880 | D:8      | Reached skill level 5 in Fighting
  4880 | D:8      | Reached skill level 8 in Shields
  4944 | D:8      | Found a staircase to the Lair.
  4945 | D:8      | Noticed a komodo dragon
  4952 | D:8      | Noticed Thomus's ghost (novice DECj)
  4985 | D:8      | Killed Thomus's ghost
  4986 | D:8      | HP: 6/121 [poisoned by Thomus's ghost]
  4986 | D:8      | Slain by a komodo dragon

Skill      XL: |  1  2  3  4  5  6  7  8  9 |
---------------+----------------------------+-----
Dodging        | 1 2 3 4 |  4.8
Fighting       | 3 4 5 |  5.4
Armour         | 4 5 6 7 |  7.0
Shields        | 4 5 6 7 8 |  8.3
Axes           | 3 4 5 6 7 |  7.6
Evocations     | 1 |  1.3
Stealth        | |  0.6

Action                   |  1- 3 |  4- 6 |  7- 9 || total
-------------------------+-------+-------+-------++-------
Melee: War axe           |   119 |   180 |   319 ||   618
       Peck              |       |       |    33 ||    33
 Abil: Device Recharging |       |     3 |     1 ||     4
Evoke: Wand              |       |     3 |     7 ||    10
  Use: Scroll            |     2 |     7 |     8 ||    17
       Potion            |       |       |     5 ||     5
  Eat: Chunk             |       |     7 |    13 ||    20
Armor: Chain mail        |    76 |   120 |   177 ||   373
       Plate armour      |       |       |    23 ||    23
Dodge: Dodged            |    35 |    46 |   113 ||   194
Block: Shield            |    76 |    99 |   249 ||   424
